Map: 2000 Atmospheres LE

Players

LiquidMaNa (MaNa)

  • Race: Protoss Protoss
  • League: Grandmaster

Spirit (souL) - Winner!

  • Race: Terran Terran
  • League: Master

VOD

Have the link to the VOD?

Description

Time

  • Played on: Oct. 21, 2021, 8:37 a.m.
  • Length: 8:38
Show
View Real Time Build Order
Export as new Build Order

LiquidMaNa Protoss 

Build Orders: 1 Gate Expand, Oracle Opening 

Get SALT Encoding   

  12  0:00  Probe  
  13  0:12  Probe  
  14  0:17  Pylon  
  14  0:24  Probe (Chrono Boost)  
  15  0:36  Probe (Chrono Boost), Gateway  
  16  0:42  Assimilator  
  16  0:45  Probe (Chrono Boost)  
  17  0:53  Probe  
  18  1:05  Probe  
  19  1:17  Probe  
  20  1:23  Cybernetics Core  
  20  1:33  Nexus  
  20  1:39  Pylon  
  20  1:41  Probe  
  20  1:47  Assimilator  
  21  1:53  Probe  
  22  1:56  Adept (Chrono Boost)  
  24  2:06  Probe  
  25  2:15  Stargate  
  25  2:17  Adept (Chrono Boost)  
  25  2:18  Probe  
  28  2:30  Probe  
  28  2:34  Warp Gate  
  29  2:40  Adept  
  31  2:44  Probe  
  31  2:48  Probe  
  32  2:59  Oracle (Chrono Boost)  
  36  3:05  Probe (Chrono Boost)  
  36  3:06  Probe (Chrono Boost)  
  37  3:18  Probe (Chrono Boost)  
  39  3:21  Gateway  
  39  3:22  Twilight Council, Probe (Chrono Boost)  
  39  3:25  Probe (Chrono Boost), Pylon  
  40  3:28  Probe  
  40  3:32  Probe  
  42  3:37  Pylon  
  42  3:41  Probe  
  43  3:44  Probe, Pylon  
  44  3:50  Charge  
  44  3:53  Probe  
  47  3:57  Probe  
  46  4:05  Probe  
  46  4:09  Probe  
  48  4:10  Nexus  
  48  4:15  Phoenix  
  50  4:18  Probe  
  50  4:21  Probe  
  52  4:30  Probe  
  53  4:33  Probe  
  54  4:40  Phoenix (Chrono Boost)  
  54  4:43  Probe  
  54  4:44  Sentry, Pylon  
  54  4:45  Probe  
  60  4:52  Gateway x2  
  60  4:54  Gateway  
  60  4:57  Gateway  
  60  5:00  Phoenix (Chrono Boost)  
  60  5:02  Probe  
  60  5:03  Probe  
  64  5:14  Gateway  
  64  5:15  Probe x2  
  66  5:22  Phoenix (Chrono Boost)  
  66  5:23  Probe  
  66  5:26  Zealot  
  66  5:27  Probe x2, Zealot  
  75  5:35  Probe  
  76  5:39  Probe x2  
  78  5:45  Phoenix (Chrono Boost)  
  78  5:48  Zealot x2  
  78  5:49  Zealot x2  
  88  5:50  Probe  
  88  5:51  Probe  
  88  5:54  Pylon  
  90  6:01  Pylon  
  90  6:02  Pylon  
  90  6:06  Probe x3  
  93  6:12  Phoenix  
  93  6:14  Zealot x3  
  101  6:26  Zealot x4  
  109  6:39  Phoenix  
  109  6:41  Pylon  
  109  6:43  Pylon  
  109  6:47  Zealot x4  
  113  6:51  Templar Archives  
  114  7:04  Phoenix  
  114  7:05  Zealot x3  
  114  7:08  Pylon, Nexus  
  122  7:09  Zealot x4  
  122  7:36  Zealot x7  
  134  7:39  Phoenix  
  98  8:01  Zealot x7  
  98  8:02  Probe  
  101  8:06  Probe  
  101  8:12  Probe  
  94  8:14  Probe  
  94  8:18  Probe  
  90  8:24  Probe  
Show
View Real Time Build Order
Export as new Build Order

Spirit Terran - Winner!

Build Orders: Reaper Expand 

Get SALT Encoding   

  12  0:00  SCV  
  13  0:12  SCV  
  14  0:17  Supply Depot  
  14  0:24  SCV  
  15  0:39  Barracks, SCV  
  16  0:44  Refinery  
  16  0:51  SCV  
  17  1:03  SCV  
  18  1:04  Supply Depot  
  18  1:16  SCV  
  19  1:27  Reaper  
  19  1:28  Orbital Command  
  20  1:48  Command Center  
  20  1:54  SCV  
  20  1:59  Marine  
  22  2:06  SCV  
  22  2:08  Factory  
  23  2:14  Bunker  
  23  2:18  SCV  
  23  2:22  Barracks Reactor  
  24  2:26  Refinery  
  24  2:30  SCV  
  25  2:43  SCV  
  26  2:55  Factory Tech Lab  
  26  2:56  SCV  
  27  2:58  Marine x2  
  27  3:01  Orbital Command  
  28  3:09  SCV  
  29  3:13  Cyclone  
  32  3:23  Command Center  
  32  3:26  SCV  
  33  3:29  SCV  
  33  3:34  Marine  
  35  3:35  Marine  
  35  3:38  SCV  
  37  3:42  SCV  
  37  3:47  Supply Depot  
  38  3:50  SCV  
  38  3:54  SCV  
  40  3:56  Factory Tech Lab  
  40  4:02  SCV  
  41  4:04  Barracks x2  
  41  4:06  SCV  
  41  4:08  Stimpack  
  42  4:14  SCV  
  42  4:15  Engineering Bay  
  43  4:18  SCV  
  43  4:21  Starport  
  44  4:26  Marine, SCV  
  44  4:28  Factory Reactor  
  44  4:30  SCV  
  47  4:35  Orbital Command  
  47  4:38  SCV  
  47  4:41  Terran Infantry Weapons Level 1  
  47  4:42  SCV  
  47  4:44  Marine, Missile Turret  
  50  4:50  SCV  
  51  4:53  Marine x2  
  51  4:54  SCV  
  51  4:56  Refinery  
  54  5:02  Marine, SCV  
  54  5:03  Supply Depot  
  54  5:04  SCV  
  54  5:05  Supply Depot  
  54  5:06  SCV  
  58  5:10  Factory Reactor  
  58  5:13  Medivac x2  
  60  5:15  SCV  
  61  5:22  Marine, Marauder, Barracks  
  61  5:24  Barracks  
  61  5:25  SCV  
  61  5:28  Orbital Command  
  65  5:29  Combat Shield, Refinery  
  65  5:32  SCV  
  65  5:33  Marine  
  65  5:35  Marine  
  68  5:37  SCV  
  68  5:39  Supply Depot  
  69  5:44  SCV  
  69  5:47  Widow Mine x2  
  69  5:48  Medivac, Concussive Shells  
  69  5:49  SCV  
  77  5:54  Marine, SCV  
  77  5:55  Marauder  
  77  5:56  SCV  
  82  5:57  Marauder  
  82  6:01  SCV  
  82  6:03  Supply Depot  
  85  6:05  Medivac  
  85  6:06  SCV  
  85  6:08  SCV  
  88  6:13  SCV, Bunker  
  88  6:14  Widow Mine  
  88  6:16  Barracks Reactor, Marauder  
  93  6:21  Barracks Tech Lab  
  93  6:25  Widow Mine  
  95  6:26  Marine, Marauder  
  95  6:27  Marine  
  95  6:31  SCV x2  
  101  6:37  Supply Depot x2  
  101  6:38  Armory  
  101  6:41  Marauder, SCV, Widow Mine  
  101  6:46  Widow Mine  
  108  6:48  Supply Depot x2  
  108  6:49  SCV  
  109  6:59  SCV x2  
  109  7:00  Marauder  
  113  7:01  SCV  
  113  7:03  Widow Mine  
  113  7:06  Marauder x2  
  113  7:08  Widow Mine  
  121  7:11  Missile Turret, SCV x2  
  123  7:15  Marine  
  123  7:19  Marine  
  123  7:21  Marine, Marauder  
  128  7:24  Widow Mine  
  128  7:25  Marine  
  128  7:27  Marine, Marauder  
  128  7:29  Widow Mine  
  129  7:33  Marine  
  123  7:37  Marine, SCV  
  123  7:38  SCV  
  123  7:39  Marine  
  123  7:42  Marauder  
  123  7:43  Marine  
  124  7:44  Marine  
  124  7:45  Widow Mine  
  124  7:48  Marine, Medivac  
  124  7:50  Widow Mine  
  130  7:52  Marine  
  130  7:55  Marine  
  130  7:57  Marine  
  130  7:58  SCV  
  126  7:59  Medivac  
  126  8:01  Marine  
  126  8:02  Marine  
  126  8:03  Marine  
  111  8:06  Marine  
  111  8:07  Widow Mine  
  111  8:09  Marine  
  111  8:12  Widow Mine  
  111  8:13  Marine  
  111  8:15  Marine  
  111  8:19  Marine  
Tags
 
Add a new tag
Caveats
  • Supply blocks, unpowered buildings, or Contaminate may cause inaccurate times.
  • Supply counts are checked every 10 seconds.